 Dungeon Crawl Stone Soup version 0.28.0 (webtiles) character file.

Game seed: 11847608180383988050

0 mopl the Insei (level 1, 0/17 HPs)
             Began as a Djinni Transmuter on Feb 16, 2022.
             Slain by a goblin (3 damage)
             ... on level 1 of the Dungeon.
             The game lasted 00:00:27 (56 turns).

mopl the Insei (Djinni Transmuter)                    Turns: 56, Time: 00:00:28

Health: 0/17       AC:  2    Str:  9    XL:     1   Next: 11%
Gold:   0          EV: 12    Int: 14    God:
                   SH:  0    Dex: 13

rFire   + + .      SeeInvis .     - Unarmed
rCold   x . .      Faith    .   (no shield)
rNeg    . . .      Spirit   .   a - +0 robe
rPois   ∞          Reflect  .   (no helmet)
rElec   .          Harm     .   (no cloak)
rCorr   .          Rampage  .   (no gloves)
Will    .....                   (boots unavailable)
Stlth   +.........              (no amulet)
HPRegen 0.05/turn               (no ring)
MPRegen 0.00/turn               (no ring)

@: flying
A: sickness immunity, fire resistance 2, cold vulnerability 1, float, innate
caster, HP casting, extra vitality 1
a: no special abilities


You were on level 1 of the Dungeon.
You visited 1 branch of the dungeon, and saw 1 of its levels.

Inventory:

Armour
 a - a +0 robe (worn)


   Skills:
 - Level 1.0 Fighting
 - Level 2.1 Dodging
 * Level 3.0 Unarmed Combat
 + Level 1.5 Spellcasting


You couldn't memorise any spells.
You knew the following spells:

 Your Spells              Type           Power      Damage    Failure   Level
a - Beastly Appendage     Tmut           10%        N/A       13%         1
b - Spider Form           Tmut/Pois      5%         N/A       36%         3
d - Ice Form              Ice/Tmut       5%         N/A       78%         4
w - Wereblood             Tmut           5%         N/A       21%         2
Your spell library was empty.

Dungeon Overview and Level Annotations

Branches:
Dungeon (1/15)

Altars:


Innate Abilities, Weirdness & Mutations

You are immune to sickness and miasma.
You are immune to poison.
Your flesh is very heat resistant. (rF++)
You are vulnerable to cold. (rC-)
You float through the air rather than walking.
You learn spells naturally, not from books.
Your magical power is your life essence.
You have superior vitality. (+4 MHP)


Message History

There is an open door here.
A goblin comes into view. It is wielding a +0 dagger.
A goblin is nearby!
The goblin shouts!
A bat comes into view.
You barely miss the goblin. The goblin barely misses you.
You closely miss the goblin. The bat hits you but does no damage.
The goblin misses you.
You barely miss the goblin. The bat barely misses you.
The goblin barely misses you.
You barely miss the goblin. The bat hits you but does no damage.
An endoplasm comes into view.
The goblin misses you.
You barely miss the goblin.
The endoplasm quivers.
The bat misses you. The goblin hits you but does no damage.
You barely miss the goblin. The bat hits you but does no damage.
You closely miss the goblin. The bat hits you. The goblin misses you.
The bat hits you but does no damage.
Cast which spell? (? or * to list)
You miscast Beastly Appendage.
You are very lightly contaminated with residual magic.
Nothing appears to happen.
The bat hits you. The bat hits you but does no damage.
The goblin hits you with a +0 dagger.
You barely miss the goblin. The goblin hits you but does no damage.
You hit the bat.
You kill the bat!
The goblin hits you with a +0 dagger.
You barely miss the endoplasm. The goblin closely misses you.
The endoplasm barely misses you.
You hit the endoplasm.
The endoplasm is heavily wounded.
The goblin hits you with a +0 dagger. The endoplasm hits you.
* * * LOW HITPOINT WARNING * * *
You are too injured to fight recklessly!
Your magical contamination has completely faded away.
The goblin misses you.
There is an open door here.
You barely miss the goblin. The goblin hits you with a +0 dagger.
You die...

..............#
.8.8.#+#'#.8.8.#
..8..#.<.#..8..#
.8.8.#####.8.8.#
...............#
#...⌠...⌠...###
#....8....##
##.⌠...⌠.##
##..@..##
#####g###
#..J....#
##.#####.# #...#
### #...# #...#
#...# #...#


You could see a goblin.

Vanquished Creatures
  A bat (D:1)
1 creature vanquished.

Notes
Turn   | Place    | Note
-------+----------+-------------------------------------------
     0 | D:1      | mopl the Djinni Transmuter began the quest for the Orb.
     0 | D:1      | Reached XP level 1. HP: 17/17 MP: 0/0
    56 | D:1      | Slain by a goblin

Illustrated notes

Levels and vault maps discovered:
D:1:      ncdulo_halloftheorcs, layout_basic,
          hellmonk_ecumenical_altar_crossroads, grunt_decor_mini_mirrors,
          minmay_misc_feat_five

Action                   || total
-------------------------++-------
Melee: Unarmed           ||    12
Armor: Robe              ||     7
Dodge: Dodged            ||    10
